 Dungeon Crawl Stone Soup version 0.31.0-11-ge490571c62 (webtiles) character file.

Game seed: 7601430942637543394

34 sanka the Changeling (level 3, -2/26 HPs)
             Began as a Merfolk Shapeshifter on Feb 3, 2024.
             Slain by a ribbon worm (8 damage)
             ... on level 2 of the Dungeon.
             The game lasted 00:02:19 (1026 turns).

sanka the Changeling (Merfolk Shapeshifter)         Turns: 1026, Time: 00:02:19

Health: -2/26      AC:  2    Str: 14    XL:     3   Next: 31%
Magic:  3/3        EV: 12    Int:  9    God:
Gold:   95         SH:  0    Dex: 15    Spells: 2/2 levels left

rFire   . .          .
                       - Unarmed
rCold   . . .        (no shield)
rNeg    . . .        a - +0 animal skin
rPois   .            (helmet currently unavailable)
rElec   .            (cloak currently unavailable)
rCorr   .            (gloves currently unavailable)
SInv    .            (boots currently unavailable)
Will    .....        (no amulet)
Stlth   +            (no ring)
HPRegen 0.24/turn    (no ring)
MPRegen 0.08/turn

%: no passive effects
@: beast-form
A: beast (slay +3), (nimble swimmer 2), mertail
a: Begin Untransformation


You were on level 2 of the Dungeon.
You were a hulking beast.
You visited 1 branch of the dungeon, and saw 2 of its levels.

You collected 95 gold pieces.


Innate Abilities, Weirdness & Mutations

You are a hulking beast.
Your limbs bulge with bestial killing power. (Slay +3)
((You are very nimble when in or above water. (Stealth+, EV+, Speed+++)))
Your lower body shifts to a powerful aquatic tail in water.


   Skills:
 - Level 1.1 Fighting
 - Level 2.6 Dodging
 - Level 3.2 Unarmed Combat
 + Level 5.5 Shapeshifting


You had 2 spell levels left.
You didn't know any spells.
Your spell library contained the following spells:

 Spells                   Type           Power      Damage    Failure   Level
 Animate Dead             Necr           0%         N/A       99%         4
 Borgnjor's Vile Clutch   Necr/Erth      0%         N/A       100%        5
 Death Channel            Necr           0%         N/A       100%        6

Inventory:

Armour
 a - a +0 animal skin (worn)
 n - a +0 helmet
Talismans
 c - a beast talisman
 d - a flux talisman
Scrolls
 f - a scroll of poison {unknown}
 j - a scroll of teleportation {unknown}
 k - a scroll of vulnerability {unknown}
 l - a scroll of fear {unknown}
 m - a scroll of blinking {unknown}
Potions
 b - 4 potions of lignification {!q}
 e - a potion of haste {unknown}
 g - a potion of berserk rage {unknown}
 h - a potion of invisibility {unknown}
 i - 3 potions of curing {unknown}

Dungeon Overview and Level Annotations

Branches:
Dungeon (2/15)

Altars:

Annotations:
D:2 Terence

...........@...▒
▒.▒ ▒.▒
......▒▒▒▒▒▒▒▒▒▒
▒.▒ ▒.▒ ▒▒▒▒▒.▒
▒.▒ ▒.▒ ▒.▒ ▒.▒
▒.▒ ▒@▒ ▒.▒ ▒.▒
▒.▒ ▒▒▒.▒▒▒▒.▒
▒.▒ ▒........▒
▒▒▒▒▒.▒
▒.▒.▒▒▒▒▒▒
....▒.▒ ▒h▒.▒
▒▒▒.▒.▒ ▒w▒.▒
▒▒▒.▒.▒ ▒.▒.▒
.▒▒.▒.▒▒▒▒▒▒▒
▒.▒.▒
▒▒▒..........
....▒ ▒
▒▒▒.▒▒▒▒▒▒▒
▒.▒▒▒ ▒........
..▒ ▒▒▒▒▒▒▒▒▒
▒▒▒


You could see a ribbon worm (catching breath).


Message History

The stream of webbing hits you but does no damage.
You are caught in a web!
You struggle to detach yourself from the web.
The ribbon worm bites you!
The web tears apart.
The ribbon worm bites you.
You barely miss the ribbon worm. You barely miss the ribbon worm.
The ribbon worm expels a string of sticky webbing.
The stream of webbing hits you but does no damage.
You are caught in a web!
You struggle to detach yourself from the web.
The ribbon worm expels a string of sticky webbing.
The stream of webbing hits you but does no damage.
You are even more entangled.
You struggle to detach yourself from the web.
The ribbon worm bites you!
* * * LOW HITPOINT WARNING * * *
Unknown command.
The web tears apart.
Unknown command.
You hit the ribbon worm.
The ribbon worm is lightly wounded.
The ribbon worm bites you.
* * * LOW HITPOINT WARNING * * *
Unknown command.
You hit the ribbon worm.
The ribbon worm is moderately wounded.
The ribbon worm bites you!
You die...

Action                     || total
---------------------------++-------
  Melee: Unarmed           ||    73
         Punch             ||     1
 Armour: Animal skin       ||    53
  Dodge: Dodged            ||    60

Levels and vault maps discovered:
D:1:      ldierk_walled_garden, layout_basic
D:2:      layout_loops_ring, minmay_unequal, uniq_terence, uniq_natasha

Notes
Turn   | Place    | Note
-------+----------+-------------------------------------------
     0 | D:1      | sanka the Merfolk Shapeshifter began the quest for the Orb.
     0 | D:1      | Reached XP level 1. HP: 15/15 MP: 1/1
   214 | D:1      | Reached XP level 2. HP: 9/21 MP: 2/2
   444 | D:2      | Reached skill level 5 in Shapeshifting
   491 | D:2      | Noticed Terence
   692 | D:1      | Reached XP level 3. HP: 23/26 MP: 3/3
  1026 | D:2      | Slain by a ribbon worm

Vanquished Creatures
  2 ball pythons
  3 bats
  5 endoplasms
  3 goblins (D:1)
  2 hobgoblins (D:1)
  7 jackals (D:1)
  2 quokkas (D:1)
  2 kobolds
  2 rats
28 creatures vanquished.
